 Dungeon Crawl Stone Soup version 0.17-a0-2073-gde5cdba (webtiles) character file.

75451 Gorice the Spry (level 15, -5/84 HPs)
             Began as a Spriggan Wanderer on Oct 11, 2015.
             Was an Initiate of Gozag.
             Slain by an orc warrior
             ... wielding a +0 glaive
              (22 damage)
             ... on level 4 of the Orcish Mines on Oct 15, 2015.
             The game lasted 03:29:05 (33984 turns).

Gorice the Spry (Spriggan Wanderer)                Turns: 33984, Time: 03:29:05

Health: -5/84      AC: 13    Str: 10    XL:     15   Next: 9%
Magic:  21/21      EV: 32    Int: 22    God:    Gozag
Gold:   3112       SH:  0    Dex: 21    Spells: 3 memorised, 16 levels left

rFire  . . .     SeeInvis +     a - +8 lajatang "Vegaluzyv" {slice, Int+2}
rCold  . . .     Clarity  .     T - quicksilver dragon armour
rNeg   + . .     SustAt   .     (shield restricted)
rPois  +         Gourm    .     (helmet restricted)
rElec  .         Spirit   .     x - +2 cloak {+Inv}
rCorr  .         Warding  .     (gloves unavailable)
rMut   .         Stasis   .     (boots unavailable)
MR     +++..                    j - amulet of regeneration
Stlth  ++........               J - ring of Lies {rPois rN+ Str+3}
                                D - +4 ring of dexterity

@: about to teleport, repel missiles, very quick, extremely resistant to hostile
enchantments, unstealthy
A: unfitting armour, see invisible, herbivore 3, speed 3, slow metabolism 2
a: Potion Petition, Call Merchant, Bribe Branch, Renounce Religion, Evoke
Invisibility


You were on level 4 of the Orcish Mines.
You worshipped Gozag.
Gozag was noncommittal.
You were not hungry.

You visited 4 branches of the dungeon, and saw 25 of its levels.
You also visited: Sewer, Ossuary and Ice Cave.

You collected 8742 gold pieces.
You spent 2441 gold pieces at shops.
You paid 3189 gold pieces to Gozag.

Inventory:

Hand Weapons
 a - the +8 lajatang "Vegaluzyv" (weapon) {slice, Int+2}
   (You acquired it on level 8 of the Dungeon)

   It inflicts extra damage upon your enemies.
   It affects your intelligence (+2).
 b - the +6 hunting sling "Curch" {flame, rPois rC+ Stlth+}
   (You bought it in a shop on level 4 of the Dungeon)

   It causes projectiles fired from it to burn those they strike, causing extra
   injury to most foes and up to half again as much damage against particularly
   susceptible opponents.
   It protects you from cold.
   It protects you from poison.
   It makes you more stealthy.
 p - a +0 lajatang
 B - a +2 blowgun
Missiles
 d - 14 curare-tipped needles
 n - 17 tomahawks (quivered)
 o - 63 poisoned needles
 s - 30 sling bullets
 V - 4 tomahawks of returning
 Y - 2 throwing nets
 Z - 619 stones
Armour
 r - a +2 robe of magic resistance
   (You took it off Erolcha on level 3 of the Orcish Mines)
 x - a +2 cloak of invisibility (worn)
   (You took it off Maurice on level 11 of the Dungeon)
 T - a quicksilver dragon armour (worn)
Jewellery
 j - an amulet of regeneration (around neck)
 u - an uncursed ring of positive energy
 D - a +4 ring of dexterity (left hand)
 J - the ring of Lies (right hand) {rPois rN+ Str+3}
   (You found it on level 8 of the Lair of Beasts)

   [ring of positive energy]

   It affects your strength (+3).
   It protects you from poison.
   It protects you from negative energy.
 K - an uncursed ring of protection from magic
Wands
 e - a wand of lightning (8)
 f - a wand of lightning (14)
 k - a wand of confusion (25)
 l - a wand of paralysis (8)
 m - a wand of draining (8)
 q - a wand of enslavement (15)
 v - a wand of polymorph (11)
 E - a wand of heal wounds (6) {!d}
 M - a wand of cold (5)
 O - a wand of frost (26)
 R - a wand of enslavement (14)
 S - a wand of digging (20)
 U - a wand of confusion (19)
Scrolls
 c - 10 scrolls of teleportation {!r}
 w - 13 scrolls of remove curse
 y - 3 scrolls of fear {!r}
 G - 3 scrolls of magic mapping {!r}
 I - a scroll of fog
 P - a scroll of recharging
 Q - 5 scrolls of identify
Potions
 h - 3 potions of might {!q}
 i - 6 potions of heal wounds {!q}
 t - 3 potions of agility {!q}
 F - 6 potions of curing
 H - 4 potions of haste {!q}
 L - a potion of invisibility {!q}
 N - 2 potions of resistance {!q}
 W - 4 potions of cancellation {!q}
 X - 4 potions of lignification {!q}
Miscellaneous
 A - a phial of floods
 C - a fan of gales
Comestibles
 g - 9 bread rations {!e}
 z - 8 fruits


   Skills:
 + Level 11.6 Fighting
 - Level 14.0 Staves
 - Level 1.0 Throwing
 * Level 3.4 Armour
 - Level 17.7 Dodging
 - Level 3.0 Stealth
 - Level 3.5 Spellcasting
 - Level 3.9 Charms
 - Level 1.3 Evocations


You had 16 spell levels left.
You knew the following spells:

 Your Spells              Type           Power        Failure   Level  Hunger
B - Summon Butterflies    Summ           #.......     34%         1    None
M - Repel Missiles        Chrm/Air       ##....       21%         2    ##.....
S - Swiftness             Chrm/Air       ##......     21%         2    ##.....


Dungeon Overview and Level Annotations

Branches:
Dungeon (12/15)            Temple (1/1) D:7            Lair (8/8) D:10
  Swamp (0/4) Lair:3       Spider (0/4) Lair:5        Slime (0/6) Lair:6
    Orc (4/4) D:12
    Elf: Orc:3-4

Altars:
Ashenzari
Cheibriados
Dithmenos
Elyvilon
Fedhas
Gozag
Kikubaaqudgha
Makhleb
Nemelex Xobeh
Okawaru
Qazlal
Ru
Sif Muna
Trog
Vehumet
Xom
Yredelemnul
Zin
The Shining One
Beogh

Shops:
D:4 *   D:11 *   D:12 [   D:14 %   D:15 [   Orc:4 *

Annotations:
D:3 Grinder
Lair:4 vpUX: Oklob guarding fruits, exclusion: oklob plant
Lair:8 Rupert
Orc:4 Saint Roka


Innate Abilities, Weirdness & Mutations

You are tiny and cannot use many weapons and most armour.
You have supernaturally acute eyesight.
You are a herbivore.
You cover ground extremely quickly.
You need consume almost no food.


Message History

* * * LOW HITPOINT WARNING * * *
Damage: 31 (max 31) Unknown command.
Read which item? (? for menu, Esc to quit)
Really read
c - 12 scrolls of teleportation {!r}?
As you read the scroll of teleportation {!r}, it crumbles to dust.
You feel strangely unstable. The orc warrior barely misses you.
Your surroundings suddenly seem different.
An orc wizard comes into view. It is wielding a dagger.
The orc wizard shouts!
An orc warrior comes into view. It is wielding a mace.
The orc warrior shouts!
An orc high priest comes into view. It is wielding a long sword.
The orc high priest shouts!
An orc comes into view. It is wielding a short sword.
The orc shouts!
An orc comes into view. It is wielding a flail.
The orc shouts!
An orc comes into view. It is wielding a falchion.
The orc shouts!
The orc high priest prays to Beogh.
An orc priest comes into view.
The orc priest mumbles some strange prayers to Beogh against you.
Something smites you!
* * * LOW HITPOINT WARNING * * *
The orc completely misses you.
You hear a shout!
Found Eduep's Assorted Antiques.
An orc warrior and an orc priest come into view.
Damage: 9 (max 9) Drink which item? (? for menu, Esc to quit)
Really quaff
i - 7 potions of heal wounds {!q}?
You feel much better.
The orc high priest calls down the wrath of Beogh upon you.
Something smites you!
* * * LOW HITPOINT WARNING * * *
The orc warrior completely misses you. The orc completely misses you.
The orc completely misses you.
Read which item? (? for menu, Esc to quit)
Really read
c - 11 scrolls of teleportation {!r}?
As you read the scroll of teleportation {!r}, it crumbles to dust.
You feel strangely unstable.
The orc high priest hits you but does no damage.
The orc hits you but does no damage.
The orc priest casts a cantrip, but nothing happens.
The orc completely misses you. The orc closely misses you.
The orange demon misses you.
The orc warrior hits you from afar with a glaive!!
You die...
Your body crumbles into a pile of gold.

#.....
##.....#
##......##
#........#
#........#
#.o4oo...#
#oooo...#
#@o4...#
##o..###
####


You could see an orc high priest, an orange demon, a blue devil, 2 orc warriors,
2 orc priests, an orc wizard and 3 orcs.

Vanquished Creatures
  Maud (Orc:2)
  Josephine (Orc:2)
  Erolcha (Orc:3)
  Harold (Lair:2)
  2 catoblepae (Lair:8)
  11 hydras
  A queen ant (Lair:6)
  12 death yaks
  A deep troll shaman (Lair:8)
  Urug (Lair:2)
  Sonja (Lair:1)
  An unseen horror (D:12)
  A necromancer (Lair:3)
  3 ice statues (IceCv)
  A lindwurm (Lair:8)
  2 orc sorcerers
  The ghost of brucemayne the Cleaver, a novice DsGl of Trog (D:9)
  2 griffons
  10 elephants
  Maurice (D:11)
  11 spiny frogs
  A torpor snail (Lair:1)
  9 black mambas
  11 komodo dragons
  A fire drake (Lair:6)
  4 two-headed ogres (Orc:4)
  12 blink frogs
  2 trolls (D:12)
  2 polar bears
  5 wraiths (Orc:2)
  The ghost of brucemayne the Chopper, an amateur VSBe of Trog (D:7)
  A human (D:8)
  A tarantella (Lair:5)
  2 deep elf magi
  11 hippogriffs
  53 yaks
  2 basilisks
  A hog (D:8)
  21 water moccasins
  19 soldier ants (Lair:6)
  Edmund (D:6)
  4 wargs
  11 wolves
  2 vampire mosquitoes (D:12)
  4 sky beasts
  A wasp (D:12)
  20 orc warriors
  8 ice beasts
  4 black bears
  An eye of draining (D:12)
  10 ogres
  2 phantoms
  12 porcupines
  12 crocodiles
  9 centaurs
  An elf zombie (Ossuary)
  19 giant frogs
  2 big kobolds
  8 killer bees
  3 scorpions
  10 wights
  An electric eel (Lair:6)
  19 orc priests
  9 crimson imps
  2 giant frog zombies
  8 jellies
  A quasit (D:11)
  4 hounds
  Crazy Yiuf (D:2)
  3 centaur skeletons
  17 orc wizards
  Terence (D:2)
  2 hell rats
  9 iguanas
  25 worker ants
  3 polar bear simulacra (Lair:3)
  3 wolf simulacra (Lair:3)
  2 yak simulacra (Lair:3)
  12 sheep
  2 big kobold zombies (Ossuary)
  3 hound zombies
  4 mummies (Ossuary)
  Robin (D:2)
  81 river rats
  4 gnolls
  15 adders
  12 white imps (Lair:3)
  3 oozes
  2 worms
  151 orcs
  9 bats
  7 giant cockroaches
  20 goblins
  11 hobgoblins
  12 jackals
  21 kobolds
  2 quokkas
  3 ball pythons
  10 giant geckos
  2 giant gecko skeletons (D:4)
  A giant gecko zombie (D:8)
  10 giant newts
  3 gnoll zombies (Ossuary)
  A goblin zombie (Ossuary)
  A hobgoblin zombie (Ossuary)
  A jackal zombie (Ossuary)
  A kobold zombie (Ossuary)
  A quokka skeleton (D:5)
  9 rats
  A rat zombie (Ossuary)
  3 river rat simulacra (Lair:3)
  4 fungi
  2 plants (Sewer)
904 creatures vanquished.

Vanquished Creatures (others)
  A soldier ant (Lair:6)
  6 fungi
  6 plants
13 creatures vanquished.

Grand Total: 917 creatures vanquished

Notes
Turn   | Place    | Note
--------------------------------------------------------------
     0 | D:1      | Gorice the Spriggan Wanderer began the quest for the Orb.
     0 | D:1      | Gorice set off with: 2 curare-tipped needles, a +2 blowgun, a scroll of teleportation {!r}, a +0 quarterstaff, a +0 robe, a +0 dagger, a bread ration {!e}
     0 | D:1      | Reached XP level 1. HP: 11/11 MP: 3/3
    65 | D:1      | Found a sparkling altar of Nemelex Xobeh.
   204 | D:1      | Reached XP level 2. HP: 10/16 MP: 4/4
   281 | D:1      | Reached skill level 2 in Dodging
   760 | D:1      | Reached skill level 2 in Staves
   865 | D:1      | Reached skill level 3 in Dodging
   893 | D:2      | Reached XP level 3. HP: 19/19 MP: 5/5
  1064 | D:2      | Found a stormy altar of Qazlal.
  1067 | D:2      | Found a sacrificial altar of Ru.
  1439 | D:2      | Found a shimmering altar of Xom.
  1631 | D:2      | Reached XP level 4. HP: 20/23 MP: 6/6
  1779 | D:2      | Noticed Robin
  1837 | D:2      | Killed Robin
  2024 | D:2      | Noticed Terence
  2047 | D:2      | Killed Terence
  2047 | D:2      | Reached skill level 4 in Dodging
  2143 | D:2      | Noticed Crazy Yiuf
  2172 | D:2      | Killed Crazy Yiuf
  2172 | D:2      | Reached skill level 3 in Fighting
  2172 | D:2      | Reached skill level 3 in Staves
  2172 | D:2      | Reached XP level 5. HP: 26/28 MP: 7/7
  3192 | D:3      | Noticed Grinder
  3360 | D:4      | Found a sand-covered staircase.
  3364 | Ossuary  | Entered an ossuary
  3382 | Ossuary  | Reached XP level 6. HP: 28/32 MP: 8/8
  3476 | Ossuary  | Reached skill level 5 in Dodging
  3626 | Ossuary  | Upgraded the game from 0.17-a0-2055-gb4e23be to 0.17-a0-2064-g265a032
  4146 | D:4      | Reached skill level 4 in Staves
  4442 | D:4      | Reached XP level 7. HP: 37/37 MP: 9/9
  4536 | D:4      | Learned a level 1 spell: Summon Butterflies
  4577 | D:4      | Found Fyim's General Store.
  4879 | D:5      | Entered Level 5 of the Dungeon
  4913 | D:5      | Reached skill level 4 in Fighting
  4913 | D:5      | Reached skill level 6 in Dodging
  4999 | D:5      | Found a glowing drain.
  5043 | Sewer    | Entered a sewer
  5814 | D:5      | Noticed a deep elf mage
  5823 | D:5      | Killed a deep elf mage
  6039 | D:5      | Reached skill level 5 in Staves
  6039 | D:5      | Reached XP level 8. HP: 42/42 MP: 10/10
  6156 | D:5      | Learned a level 2 spell: Repel Missiles
  6235 | D:5      | Reached skill level 7 in Dodging
  6834 | D:6      | Found a bloodstained altar of Trog.
  6867 | D:6      | Noticed Edmund
  6939 | D:6      | Killed Edmund
  7152 | D:6      | Reached skill level 5 in Fighting
  7340 | D:6      | Found a white marble altar of Elyvilon.
  7488 | D:6      | Reached skill level 6 in Staves
  7498 | D:6      | Reached skill level 8 in Dodging
  7959 | D:7      | Found a sparkling altar of Nemelex Xobeh.
  8077 | D:7      | Found a staircase to the Ecumenical Temple.
  8099 | D:7      | Noticed brucemayne's ghost (amateur VSBe)
  8169 | Temple   | Entered the Ecumenical Temple
  8265 | Temple   | Became a worshipper of Gozag Ym Sagoz the Greedy
  8704 | D:7      | Reached XP level 9. HP: 37/47 MP: 11/11
  8717 | D:7      | HP: 13/47 [killer bee (4)]
  8723 | D:7      | HP: 10/47 [poisoned by a killer bee]
  8728 | D:7      | HP: 9/47 [poisoned by a killer bee]
  8733 | D:7      | HP: 8/47 [poisoned by a killer bee]
  8738 | D:7      | HP: 9/47 [poisoned by a killer bee]
  8745 | D:7      | HP: 11/47 [poisoned by a killer bee]
  8753 | D:7      | HP: 13/47 [poisoned by a killer bee]
  8973 | D:8      | Found a glowing silver altar of Zin.
  9402 | D:8      | Found a blossoming altar of Fedhas.
  9515 | D:8      | Reached skill level 9 in Dodging
  9603 | D:8      | Reached skill level 7 in Staves
  9772 | D:8      | Reached skill level 6 in Fighting
 10549 | D:9      | Found an iron altar of Okawaru.
 10702 | D:9      | Reached skill level 10 in Dodging
 10805 | D:8      | Upgraded the game from 0.17-a0-2064-g265a032 to 0.17-a0-2069-g0f4ee5b
 10810 | D:8      | Identified a scroll of acquirement
 10811 | D:8      | Got a slimy lajatang
 10812 | D:8      | Identified the +8 lajatang "Vegaluzyv" {slice, Int+2} (You acquired it on level 8 of the Dungeon)
 10872 | D:9      | Noticed brucemayne's ghost (novice DsGl)
 10885 | D:9      | Killed brucemayne's ghost
 10885 | D:9      | Reached skill level 8 in Staves
 10885 | D:9      | Reached XP level 10. HP: 48/53 MP: 12/12
 11602 | D:10     | Entered Level 10 of the Dungeon
 11659 | D:10     | HP: 15/53 [orc priest/nerve-wracking pain (13)]
 11982 | D:9      | Reached skill level 11 in Dodging
 12101 | D:10     | Found a staircase to the Lair.
 12482 | D:10     | Reached skill level 7 in Fighting
 12665 | D:10     | Reached skill level 9 in Staves
 12986 | D:10     | Found a bloodstained altar of Trog.
 13027 | Lair:1   | Entered Level 1 of the Lair of Beasts
 13125 | Lair:1   | Learned a level 2 spell: Swiftness
 13402 | Lair:1   | Found a snail-covered altar of Cheibriados.
 13478 | Lair:1   | Noticed Sonja
 13501 | Lair:1   | Killed Sonja
 13501 | Lair:1   | Reached skill level 12 in Dodging
 13501 | Lair:1   | Reached XP level 11. HP: 46/58 MP: 13/13
 13760 | Lair:1   | Noticed a black mamba
 13810 | Lair:1   | Killed a black mamba
 13851 | Lair:1   | Noticed a black mamba
 13938 | Lair:1   | Noticed a four-headed hydra
 14250 | Lair:1   | Killed a black mamba
 14408 | Lair:1   | Reached skill level 10 in Staves
 14426 | Lair:1   | Found an ancient bone altar of Kikubaaqudgha.
 14736 | Lair:2   | Reached skill level 8 in Fighting
 14939 | Lair:2   | HP: 18/60 [poisoned by a black mamba]
 15092 | Lair:2   | Reached skill level 13 in Dodging
 15421 | D:4      | Bought the +6 hunting sling "Curch" {flame, rPois rC+ Stlth+} for 751 gold pieces
 15518 | D:7      | Killed brucemayne's ghost
 16314 | Lair:2   | Noticed Urug
 16512 | Lair:2   | Killed Urug
 16636 | Lair:2   | Noticed Harold
 16651 | Lair:2   | Killed Harold
 16925 | Lair:3   | Reached XP level 12. HP: 65/65 MP: 14/14
 16942 | Lair:3   | Noticed an eight-headed hydra
 16959 | Lair:3   | Killed an eight-headed hydra
 17064 | Lair:3   | Reached skill level 11 in Staves
 17084 | Lair:3   | Found a frozen archway.
 17191 | IceCv    | Entered an ice cave
 17636 | IceCv    | Reached skill level 14 in Dodging
 17700 | IceCv    | Identified the Reference Book on Unholy Secrets
 17781 | Lair:3   | Reached skill level 9 in Fighting
 18171 | Lair:3   | Noticed a four-headed hydra
 18201 | Lair:3   | Killed a four-headed hydra
 18431 | Lair:3   | Found a staircase to the Swamp.
 18630 | Lair:3   | Noticed a necromancer
 18824 | Lair:3   | Killed a necromancer
 19487 | Lair:4   | Found a sacrificial altar of Ru.
 19840 | Lair:4   | Reached skill level 12 in Staves
 20051 | Lair:4   | Found a blossoming altar of Fedhas.
 20240 | Lair:2   | Noticed a four-headed hydra
 20285 | Lair:2   | Killed a four-headed hydra
 20508 | Lair:4   | Reached skill level 15 in Dodging
 20737 | Lair:5   | Reached XP level 13. HP: 70/70 MP: 15/15
 20880 | Lair:5   | Noticed a six-headed hydra
 20910 | Lair:5   | Killed a six-headed hydra
 21358 | Lair:5   | Found a hole to the Spider Nest.
 21647 | Lair:5   | Got a warped cloak
 21658 | Lair:5   | Identified the -3 cloak "Burihu" {rPois rC- Int-2 SInv} (You acquired it on level 5 of the Lair of Beasts)
 22042 | Lair:6   | Found a staircase to the Slime Pits.
 22504 | Lair:6   | Reached skill level 10 in Fighting
 23703 | Lair:7   | Reached skill level 16 in Dodging
 24256 | Lair:7   | Reached skill level 13 in Staves
 24549 | Lair:7   | Found a white marble altar of Elyvilon.
 24845 | Lair:7   | Upgraded the game from 0.17-a0-2069-g0f4ee5b to 0.17-a0-2073-gde5cdba
 25191 | Lair:1   | Killed a four-headed hydra
 25751 | Lair:8   | Entered Level 8 of the Lair of Beasts
 25857 | Lair:7   | Reached XP level 14. HP: 77/77 MP: 16/16
 26681 | Lair:8   | Noticed Rupert
 26727 | Lair:8   | Reached skill level 17 in Dodging
 27612 | Lair:8   | Reached skill level 11 in Fighting
 28019 | Lair:8   | Got a flickering wooden ring
 28021 | Lair:8   | Identified the ring of Lies {rPois rN+ Str+3} (You found it on level 8 of the Lair of Beasts)
 28071 | Lair:8   | Reached skill level 14 in Staves
 28177 | Lair:8   | Reached skill level 1 in Charms
 28453 | D:11     | Noticed Maurice
 28466 | D:11     | Killed Maurice
 28609 | D:11     | Found Aril's Assorted Antiques.
 28614 | D:11     | Bought a large ruby ring for 130 gold pieces
 29097 | D:11     | Reached skill level 1 in Spellcasting
 29441 | D:11     | Reached skill level 2 in Charms
 29657 | D:11     | Reached skill level 2 in Spellcasting
 29960 | D:12     | Found a staircase to the Orcish Mines.
 30014 | D:12     | Reached skill level 3 in Charms
 30285 | D:12     | Reached skill level 3 in Spellcasting
 30595 | D:12     | Found Guhuarr's Armour Shoppe.
 31051 | D:11     | Bought a quicksilver dragon armour for 1560 gold pieces
 31085 | Orc:1    | Entered Level 1 of the Orcish Mines
 31297 | Orc:2    | Found a roughly hewn altar of Beogh.
 31830 | Orc:1    | Reached skill level 1 in Armour
 32410 | Orc:4    | Entered Level 4 of the Orcish Mines
 33069 | Orc:3    | Reached skill level 2 in Armour
 33188 | Orc:2    | Noticed Josephine
 33195 | Orc:2    | Noticed Maud
 33203 | Orc:2    | Killed Josephine
 33225 | Orc:2    | Killed Maud
 33225 | Orc:2    | Reached XP level 15. HP: 65/83 MP: 21/21
 33488 | Orc:3    | Noticed Erolcha
 33507 | Orc:3    | Killed Erolcha
 33507 | Orc:3    | Reached skill level 3 in Armour
 33943 | Orc:4    | Noticed Saint Roka
 33971 | Orc:4    | HP: 9/84 [Saint Roka/uncursed vampiric long sword (31)]
 33982 | Orc:4    | Found Eduep's Assorted Antiques.
 33982 | Orc:4    | HP: 4/84 [orc priest/divine providence (10)]
 33984 | Orc:4    | Slain by an orc warrior

Vault maps used:
D:1:      shiori_arrival_oz, nemelex_deck
D:2:      kennysheep_goblin_castle, tgw_xom, nicolae_overflow_hidden_temple,
          uniq_crazy_yiuf_cottage, uniq_terence
D:3:      first_bread, kennysheep_generic_room_13, uniq_grinder
D:4:      nicolae_ossuary_entry_false_entrances, serial_shops,
          nicolae_shop_waterfront, grunt_ministairs_3, minmay_misc_feat_chi
D:5:      gup_sewer_entry_pipe
D:6:      wad_woods_settlement, elyvilon_altar_5, basic_altar, uniq_edmund
D:7:      lemuel_coloured_pillars_altar, temple_green
D:8:      zin_academy, kennysheep_mini_moat, serial_aquarium,
          aquarium_bridge_square, aquarium_bridge_long_separate,
          aquarium_window_fake, aquarium_window_fake, aquarium_window_fake,
          aquarium_window_fake, aquarium_view_4, aquarium_view_2d,
          aquarium_balcony_5b, aquarium_pool_S, grunt_livestock
D:9:      okawaru_trees_1
D:10:     dpeg_lair_monsters, basic_altar
D:11:     serial_co_window_serial, co_window_corner_a, co_window_corner_a,
          co_window_cross_1, co_window_paths_a, co_window_corner_a,
          co_window_corner_b, co_window_cross_2, co_window_corner_b,
          co_window_of_opportunity_b, co_window_broadway_c, co_window_paths_c,
          co_window_2corner, glass_columns_a, glass_columns_a, glass_columns_b,
          glass_columns_b, glass_columns_b, serial_bayou_crossing, uniq_maurice
D:12:     minmay_orc_entry_guard_dogs
Temple:   circular_temple_pool_12
Lair:1:   basic_altar, kennysheep_snail_temple, grunt_megastairs_2, uniq_sonja
Lair:2:   uniq_harold, uniq_urug
Lair:3:   swamp_mist_pool, portal_ice_cave_entry_imps, eino_house_with_fridge
Lair:4:   basic_altar, tgw_fedhas
Lair:5:   spider_nest_entry_rubble, grunt_megastairs_4,
          infiniplex_staircase_pool_2, lemuel_fruit_fields, lemuel_fruit_fields
Lair:6:   nicolae_slime_entry_slimehenge, minivault_29, serial_bayou_shore_a,
          lemuel_fruit_tree
Lair:7:   basic_altar, cheibrodos_lair_caveside_slide, grunt_megastairs_3
Lair:8:   grunt_lair_end_beastmaster, uniq_rupert
Orc:2:    david_defended_altar_orc, uniq_josephine, uniq_maud
Orc:3:    nicolae_orc_pool_cavern, uniq_erolcha
Orc:4:    pubby_orc_utopia, uniq_saint_roka
Sewer:    sewer_co_scattered_pipes
Ossuary:  ossuary_minmay_tomb_2a
IceCv:    ice_cave_statue_garden_02

Action                   |  1- 3 |  4- 6 |  7- 9 | 10-12 | 13-15 || total
-------------------------+-------+-------+-------+-------+-------++-------
Melee: Quarterstaff      |   109 |   149 |   539 |       |       ||   797
       Lajatang          |       |       |     7 |   552 |  1035 ||  1594
 Fire: Hunting sling     |     5 |   152 |   178 |   362 |   594 ||  1291
       Blowgun           |     2 |     5 |    59 |    72 |    11 ||   149
Throw: Stone             |     2 |     1 |       |       |       ||     3
       Tomahawk          |       |     7 |    30 |    82 |    18 ||   137
 Cast: Repel Missiles    |       |       |     1 |     7 |       ||     8
Invok: Call Merchant     |       |       |       |     3 |     1 ||     4
Evoke: Wand              |       |       |       |     4 |       ||     4
  Use: Scroll            |     3 |     8 |    15 |     6 |     8 ||    40
       Potion            |       |       |       |       |     1 ||     1
 Stab: Sleeping          |     9 |     1 |    14 |    20 |    16 ||    60
       Distracted        |     1 |       |     1 |     5 |    12 ||    19
  Eat: Bread ration      |       |     1 |     1 |     1 |     1 ||     4
       Pizza             |       |       |       |     8 |     2 ||    10
       Fruit             |       |       |       |       |     6 ||     6

Table legend:
 A = Turns spent in this place as a percentage of turns spent in the entire game.
 B = Non-inter-level travel turns spent in this place as a percentage of non-inter-level travel turns spent in the entire game.
 C = Inter-level travel turns spent in this place as a percentage of turns spent in this place.
 D = Turns resting spent in this place as a percentage of non-inter-level travel turns spent in this place.
 E = Turns spent auto-exploring this place as a percentage of non-inter-level travel turns spent in this place.
 F = Non-inter-level travel turns spent in this place divided by the number of levels of this place that you've seen.
                   A       B       C       D       E      F
               +-------+-------+-------+-------+-------+----------------------
         Total | 100.0 | 100.0 |   0.4 |   1.5 |   2.6 | 587.0
       Dungeon |  38.7 |  38.7 |   0.5 |   1.6 |   4.0 | 530.0
        Temple |   0.1 |   0.1 |   6.7 |   0.0 |  64.3 |  14.0
          Lair |  43.9 |  43.9 |   0.4 |   1.4 |   1.7 | 903.0
  Orcish Mines |  10.1 |  10.1 |   0.7 |   0.1 |   2.0 | 415.0
         Sewer |   2.5 |   2.5 |   0.0 |   0.0 |   1.4 | 415.0
       Ossuary |   2.4 |   2.4 |   0.0 |   2.3 |   0.3 | 393.0
      Ice Cave |   2.2 |   2.3 |   0.0 |   5.9 |   0.3 | 371.0
               +-------+-------+-------+-------+-------+----------------------

Vault maps used:
D:1:      shiori_arrival_oz, nemelex_deck
D:2:      kennysheep_goblin_castle, tgw_xom, nicolae_overflow_hidden_temple,
          uniq_crazy_yiuf_cottage, uniq_terence
D:3:      first_bread, kennysheep_generic_room_13, uniq_grinder
D:4:      nicolae_ossuary_entry_false_entrances, serial_shops,
          nicolae_shop_waterfront, grunt_ministairs_3, minmay_misc_feat_chi
D:5:      gup_sewer_entry_pipe
D:6:      wad_woods_settlement, elyvilon_altar_5, basic_altar, uniq_edmund
D:7:      lemuel_coloured_pillars_altar, temple_green
D:8:      zin_academy, kennysheep_mini_moat, serial_aquarium,
          aquarium_bridge_square, aquarium_bridge_long_separate,
          aquarium_window_fake, aquarium_window_fake, aquarium_window_fake,
          aquarium_window_fake, aquarium_view_4, aquarium_view_2d,
          aquarium_balcony_5b, aquarium_pool_S, grunt_livestock
D:9:      okawaru_trees_1
D:10:     dpeg_lair_monsters, basic_altar
D:11:     serial_co_window_serial, co_window_corner_a, co_window_corner_a,
          co_window_cross_1, co_window_paths_a, co_window_corner_a,
          co_window_corner_b, co_window_cross_2, co_window_corner_b,
          co_window_of_opportunity_b, co_window_broadway_c, co_window_paths_c,
          co_window_2corner, glass_columns_a, glass_columns_a, glass_columns_b,
          glass_columns_b, glass_columns_b, serial_bayou_crossing, uniq_maurice
D:12:     minmay_orc_entry_guard_dogs
Temple:   circular_temple_pool_12
Lair:1:   basic_altar, kennysheep_snail_temple, grunt_megastairs_2, uniq_sonja
Lair:2:   uniq_harold, uniq_urug
Lair:3:   swamp_mist_pool, portal_ice_cave_entry_imps, eino_house_with_fridge
Lair:4:   basic_altar, tgw_fedhas
Lair:5:   spider_nest_entry_rubble, grunt_megastairs_4,
          infiniplex_staircase_pool_2, lemuel_fruit_fields, lemuel_fruit_fields
Lair:6:   nicolae_slime_entry_slimehenge, minivault_29, serial_bayou_shore_a,
          lemuel_fruit_tree
Lair:7:   basic_altar, cheibrodos_lair_caveside_slide, grunt_megastairs_3
Lair:8:   grunt_lair_end_beastmaster, uniq_rupert
Orc:2:    david_defended_altar_orc, uniq_josephine, uniq_maud
Orc:3:    nicolae_orc_pool_cavern, uniq_erolcha
Orc:4:    pubby_orc_utopia, uniq_saint_roka
Sewer:    sewer_co_scattered_pipes
Ossuary:  ossuary_minmay_tomb_2a
IceCv:    ice_cave_statue_garden_02
